 Dungeon Crawl Stone Soup version 0.17.0-9-g801d43b (webtiles) character file.

67 oplop the Sneak (level 4, -5/23 HPs)
             Began as a Vine Stalker Assassin on Nov 9, 2015.
             Killed by divine providence
             ... invoked by an orc priest
              (10 damage)
             ... on level 3 of the Dungeon.
             The game lasted 00:02:20 (1536 turns).

oplop the Sneak (Vine Stalker Assassin)             Turns: 1536, Time: 00:02:20

Health: -5/23      AC:  5    Str: 13    XL:     4   Next: 18%
Magic:  0/5        EV: 11    Int: 11    God:
Gold:   59         SH:  0    Dex: 17    Spells: 0 memorised, 3 levels left

rFire  + . .     SeeInvis .     a - +2 dagger
rCold  + . .     Clarity  .     j - +0 robe {rC+ rF+}
rNeg   . . .     SustAt   .     (no shield)
rPois  .         Gourm    .     (no helmet)
rElec  .         Spirit   +     d - +0 cloak
rCorr  .         Warding  .     l - +0 pair of gloves
rMut   .         Stasis   .     q - +0 pair of boots
MR     .....                    (no amulet)
Stlth  +++.......               (no ring)
                                (no ring)

@: not resistant to hostile enchantments, fairly stealthy
A: fangs 2, regeneration 1, magic shield, antimagic bite, no device heal 3, rot
immunity
a: no special abilities


You were on level 3 of the Dungeon.
You were not hungry.

You visited 1 branch of the dungeon, and saw 3 of its levels.

You collected 59 gold pieces.

Inventory:

Hand Weapons
 a - a +2 dagger (weapon)
 b - a +0 blowgun
Missiles
 e - 8 poisoned needles
 f - 2 curare-tipped needles
Armour
 d - a +0 cloak (worn)
 j - a +0 robe of resistance (worn)
 l - a +0 pair of gloves (worn)
 q - a +0 pair of boots (worn)
Scrolls
 h - 2 scrolls of random uselessness {unknown}
 m - 2 scrolls of enchant armour {unknown}
 p - a scroll of magic mapping {unknown}
 s - a scroll of amnesia {unknown}
Potions
 c - a potion of might {unknown}
 k - a potion of cancellation {unknown}
 n - a potion of magic {unknown}
 t - 2 potions of cure mutation {unknown}
Comestibles
 g - 3 bread rations
 i - 2 beef jerkies
 o - a royal jelly
 r - a meat ration


   Skills:
 + Level 2.6 Fighting
 + Level 2.7 Short Blades
 - Level 1.7 Throwing
 - Level 0.7 Dodging
 + Level 5.5 Stealth


You had 3 spell levels left.
You didn't know any spells.

Dungeon Overview and Level Annotations

Branches:
Dungeon (3/15)

Altars:


Innate Abilities, Weirdness & Mutations

You have extremely sharp teeth.
Your natural rate of healing is unusually fast.
When hurt, damage is shared between your health and your magic reserves.
Your bite disrupts and absorbs the magic of your enemies.
Potions and wands cannot restore your health.
You are immune to rotting.


Message History

You hit the bat. You bite the bat. You drain its power.
You kill the bat!
The giant cockroach barely misses you.
You closely miss the giant cockroach.
The giant cockroach bites you but does no damage.
You hit the giant cockroach. Your bite misses the giant cockroach.
The giant cockroach is heavily wounded.
The giant cockroach bites you.
The orc throws a stone.
The stone barely misses you.
You see here a stone.
The giant cockroach closely misses you.
The orc priest calls down the wrath of Beogh upon you.
Something smites you!
The giant cockroach bites you but does no damage.
The orc priest calls down the wrath of Beogh upon you.
Something smites you!
* * * LOW HITPOINT WARNING * * *
The orc priest invokes the aid of Beogh against you.
Something smites you!
You die...

#.#...# ..#####..
##.....# #.###.....
#......###..##......
#......#...# #......
##.^#†....#####......
#.<.#........##......
##.#......###.........
##..#.....#............
##..##.@...#.####.......
#..###.......# ##...#..#
#..###....s...###....#.##
#.# #.....o.#.........#
#.. #......o..##....###
#.. ....#..).#..##..#.#
#. ...##..####.#..##.# #.
........# #.o(.##.#
###..#### #.......#


You could see an orc priest, 2 orcs and a giant cockroach.

Vanquished Creatures
  A gnoll (D:1)
  An adder (D:3)
  A worm (D:2)
  2 giant geckos
  A ball python (D:1)
  7 bats
  4 goblins
  7 hobgoblins
  2 jackals (D:2)
  A quokka (D:2)
  A giant newt (D:1)
  5 kobolds
  10 rats
43 creatures vanquished.

Notes
Turn   | Place    | Note
--------------------------------------------------------------
     0 | D:1      | oplop the Vine Stalker Assassin began the quest for the Orb.
     0 | D:1      | Reached XP level 1. HP: 11/11 MP: 2/2
    86 | D:1      | Reached XP level 2. HP: 13/15 MP: 3/3
   293 | D:1      | Reached skill level 5 in Stealth
   656 | D:1      | Reached XP level 3. HP: 8/19 MP: 1/4
  1421 | D:3      | Reached XP level 4. HP: 23/23 MP: 5/5
  1536 | D:3      | Killed from afar by an orc priest

Action                   |  1- 3 |  4- 6 || total
-------------------------+-------+-------++-------
Melee: Dagger            |   104 |    14 ||   118
 Fire: Blowgun           |     2 |       ||     2
 Stab: Sleeping          |    12 |       ||    12
  Eat: Chunk             |     1 |     1 ||     2
